 Dungeon Crawl Stone Soup version 0.31-a0-1300-gb6740aa4e6 (webtiles) character file.

Game seed: 1496635850463742905

3579 pokeman the Thaumaturge (level 9, -7/52 HPs)
             Began as a Deep Elf Hedge Wizard on Dec 18, 2023.
             Was an Initiate of Vehumet.
             Mangled by a two-headed ogre
             ... wielding a +0 giant spiked club
              (12 damage)
             ... on level 8 of the Dungeon.
             The game lasted 00:18:33 (7890 turns).

pokeman the Thaumaturge (Deep Elf Hedge Wizard)     Turns: 7890, Time: 00:18:34

Health: -7/52      AC:  7    Str: 13    XL:     9   Next: 84%
Magic:  18/28      EV: 13    Int: 27    God:    Vehumet [......]
Gold:   379        SH:  5    Dex: 14    Spells: 18/34 levels left

rFire   . . .        I - +3 dagger (drain)
rCold   . . .        (no shield)
rNeg    . . .        B - +2 robe of the Morning Star {Int+3}
rPois   +            o - +0 helmet
rElec   .            w - scarf {repulsion}
rCorr   .            n - +0 pair of gloves
SInv    .            v - +0 pair of boots
Will    .....        D - amulet of reflection
Stlth   ++           e - +6 ring of strength
HPRegen 0.28/turn    a - ring of poison resistance
MPRegen 0.21/turn

%: repel missiles, reflection
@: no status effects
A: no striking features
a: Renounce Religion


You were on level 8 of the Dungeon.
You worshipped Vehumet.
Vehumet was noncommittal.
You visited 2 branches of the dungeon, and saw 9 of its levels.

You collected 379 gold pieces.

Inventory:

Hand Weapons
 I - a +3 dagger of draining (weapon)
Missiles
 M - a curare-tipped dart
Armour
 n - a +0 pair of gloves (worn)
 o - a +0 helmet (worn)
 t - a +3 leather armour of cold resistance
 v - a +0 pair of boots (worn)
 w - a scarf of repulsion (worn)
 B - the +2 robe of the Morning Star (worn) {Int+3}
   (You found it on level 4 of the Dungeon)

   Int+3:     It affects your intelligence (+3).
Magical Staves
 P - a staff of death
Jewellery
 a - a ring of poison resistance (right hand)
 e - a +6 ring of strength (left hand)
 y - an amulet of regeneration
 D - an amulet of reflection (around neck)
 K - an amulet of guardian spirit
Wands
 C - a wand of quicksilver (8)
 O - a wand of flame (20)
Scrolls
 b - a scroll of noise {unknown}
 g - 4 scrolls of identify {unknown}
 h - 3 scrolls of poison {unknown}
 i - a scroll of torment {unknown}
 k - a scroll of fear {unknown}
 q - 3 scrolls of teleportation {unknown}
 r - a scroll of immolation {unknown}
 s - 2 scrolls of amnesia {unknown}
 u - 2 scrolls of fog {unknown}
 x - a scroll of enchant weapon {unknown}
 z - a scroll of enchant armour {unknown}
 A - 2 scrolls of blinking {unknown}
 E - a scroll of summoning {unknown}
 G - 3 scrolls of revelation {unknown}
Potions
 c - 2 potions of resistance {unknown}
 d - a potion of magic
 f - 2 potions of brilliance {unknown}
 j - 2 potions of attraction {unknown}
 l - 3 potions of curing {unknown}
 m - a potion of lignification {unknown}
 p - 2 potions of invisibility {unknown}
 F - a potion of heal wounds {unknown}
 H - 2 potions of mutation {unknown}
 J - 3 potions of haste {unknown}
 L - a potion of ambrosia {unknown}
 N - a potion of cancellation {unknown}


   Skills:
 + Level 3.8 Fighting
 - Level 3.1 Armour
 - Level 3.0 Dodging
 - Level 3.1 Stealth
 * Level 13.3 Spellcasting
 + Level 7.6 Conjurations
 - Level 1.1 Summonings
 + Level 0.5 Necromancy
 - Level 1.1 Translocations
 + Level 0.7 Transmutations
 + Level 0.7 Fire Magic
 - Level 1.0 Ice Magic
 - Level 1.0 Air Magic
 - Level 1.2 Poison Magic
 - Level 1.3 Evocations


You had 18 spell levels left.
You knew the following spells:

 Your Spells              Type           Power      Damage    Failure   Level
a - Magic Dart            Conj           100%       1d8       1%          1
b - Mephitic Cloud        Conj/Pois/Air  35%        N/A       2%          3
c - Call Imp              Summ           46%        N/A       3%          2
d - Blink                 Tloc           46%        N/A       3%          2
e - Ignite Poison         Fire/Tmut/Pois 22%        N/A       6%          3
f - Freezing Cloud        Conj/Ice/Air   17%        6-21      22%         5

Your spell library contained the following spells:

 Spells                   Type           Power      Damage    Failure   Level
 Apportation              Tloc           46%        N/A       1%          1
 Summon Small Mammal      Summ           92%        N/A       1%          1
 Necrotise                Necr           84%        1d8       2%          1
 Slow                     Hex            72%        N/A       3%          1
 Cigotuvi's Dreadful Rot  Necr/Pois/Air  46%        N/A       3%          2
 Sublimation of Blood     Necr           21%        N/A       3%          2
 Wereblood                Tmut           21%        N/A       3%          2
 Jinxbite                 Hex            36%        N/A       4%          2
 Vampiric Draining        Necr           21%        2d7       8%          3
 Alistair's Intoxication  Tmut/Pois      15%        N/A       50%         5
 Agony                    Necr           21%        N/A       56%         5
 Summon Hydra             Summ           11%        N/A       100%        7


Dungeon Overview and Level Annotations

Branches:
Dungeon (8/15)             Temple (1/1) D:6
   Lair: D:8-11

Altars:
Cheibriados
Dithmenos
Elyvilon
Fedhas
Hepliaklqana
Kikubaaqudgha
Makhleb
Okawaru
Qazlal
Ru
Sif Muna
Uskayaw
Vehumet
Wu Jian
The Shining One

Shops:
D:1 (   D:5 :?!:[

Annotations:
D:5 2 runed translucent doors, Sundig's ghost, novice HuFi


Message History

Casting: Ignite Poison (dangerous; 6% risk of failure)
Confirm with . or Enter, or press ? or * to list all spells.
Aiming: Freezing Cloud (quite dangerous; 22% risk of failure)
Press: ? - help, Dir - move target The two-headed ogre shouts in stereo!
The two-headed ogre is engulfed in freezing vapours.
Unknown command.
The two-headed ogre is engulfed in freezing vapours.
The two-headed ogre is engulfed in freezing vapours.
Casting: Freezing Cloud (quite dangerous; 22% risk of failure)
Confirm with . or Enter, or press ? or * to list all spells.
Aiming: Mephitic Cloud (dangerous; 2% risk of failure)
Press: ? - help, Shift-Dir - straight line The ball explodes into a vile cloud!
The stinking cloud engulfs the two-headed ogre but does no damage.
The two-headed ogre is heavily wounded.
Unknown command.
Unknown command.
Casting: Mephitic Cloud (dangerous; 2% risk of failure)
Confirm with . or Enter, or press ? or * to list all spells.
You ignite the poison in your surroundings!
The two-headed ogre is engulfed in blazing flames.
Unknown command.
You hit the two-headed ogre.
The two-headed ogre is severely wounded.
The two-headed ogre is engulfed in blazing flames.
The two-headed ogre hits you with a +0 giant spiked club!!
Ouch! That really hurt!
The two-headed ogre closely misses you.
Unknown command.
You hit the two-headed ogre.
The two-headed ogre is almost dead.
Unknown command.
You barely miss the two-headed ogre.
The two-headed ogre is almost dead.
The two-headed ogre is engulfed in blazing flames.
The two-headed ogre hits you with a +0 giant spiked club!!
* * * LOW HITPOINT WARNING * * *
The two-headed ogre hits you with a +0 dire flail!
You die...

##...##..(.
##..........
#...........
##...........
##............
##.....>.......
#...<.......(..
#...@O○.○§§.
#>.....☼.☼§§.
........°○.§§○.
..$............
...............
##..#..........
#..###.......#
## ###.....#


You could see a two-headed ogre.

Vanquished Creatures
  Pikel (D:5)
  Grinder (D:4)
  Sigmund (D:5)
  Eustachio (D:4)
  A water moccasin (D:5)
  Duvessa (D:5)
  An orc warrior (D:7)
  An ice beast (D:7)
  4 black bears
  6 ogres
  A centaur (D:7)
  2 lemures (D:5)
  A bullfrog (D:7)
  A kobold brigand (D:7)
  3 scorpions
  Dowan (D:5)
  3 howler monkeys
  8 hounds
  A jelly (D:4)
  2 orc priests
  A gnoll bouda (D:5)
  5 orc wizards
  3 iguanas
  4 adders
  11 gnolls
  A shadow imp (D:5)
  2 ufetubi (D:7)
  A worm (D:3)
  23 orcs
  6 endoplasms
  3 giant cockroaches
  16 goblins
  18 hobgoblins
  6 jackals
  6 quokkas
  6 ball pythons
  3 bats
  2 frilled lizards
  11 kobolds
  3 rats
172 creatures vanquished.

Vanquished Creatures (collateral kills)
  2 ball pythons (D:4)
2 creatures vanquished.

Grand Total: 174 creatures vanquished

Notes
Turn   | Place    | Note
-------+----------+-------------------------------------------
     0 | D:1      | pokeman the Deep Elf Hedge Wizard began the quest for the
                  | Orb.
     0 | D:1      | Reached XP level 1. HP: 10/10 MP: 7/7
   310 | D:1      | Reached XP level 2. HP: 16/16 MP: 2/9
   530 | D:1      | Found Axiuj's Weapon Emporium.
  1073 | D:1      | Reached skill level 5 in Spellcasting
  1434 | D:2      | Reached XP level 3. HP: 20/20 MP: 4/11
  1442 | D:2      | Learned a level 3 spell: Mephitic Cloud
  1445 | D:2      | Learned a level 2 spell: Call Imp
  1448 | D:2      | Learned a level 2 spell: Blink
  1750 | D:2      | Reached skill level 1 in Armour
  1917 | D:2      | Reached skill level 1 in Fighting
  1918 | D:2      | Reached XP level 4. HP: 21/25 MP: 8/13
  2450 | D:3      | Reached skill level 6 in Spellcasting
  2486 | D:3      | Reached XP level 5. HP: 16/29 MP: 3/15
  2644 | D:3      | Found Puseog's General Store.
  2856 | D:3      | You fall into a shaft and drop 1 floor!
  2903 | D:4      | Noticed an ogre
  2915 | D:4      | Killed an ogre
  2916 | D:4      | Reached skill level 1 in Air Magic
  2916 | D:4      | Reached skill level 1 in Poison Magic
  2918 | D:4      | Reached XP level 6. HP: 33/34 MP: 3/17
  2938 | D:4      | Reached skill level 7 in Spellcasting
  3200 | D:4      | Identified the +2 robe of the Morning Star {Int+3}
  3213 | D:4      | Upgraded the game from 0.31-a0-1278-g11c5b68f87 to
                  | 0.31-a0-1300-gb6740aa4e6
  3276 | D:4      | Noticed Eustachio
  3296 | D:4      | Killed Eustachio
  3297 | D:4      | Reached skill level 8 in Spellcasting
  3297 | D:4      | Reached skill level 1 in Evocations
  3297 | D:4      | Reached XP level 7. HP: 38/38 MP: 17/20
  3776 | D:4      | Noticed Grinder
  4052 | D:4      | Reached skill level 9 in Spellcasting
  4343 | D:4      | Paralysed by Grinder for 2 turns
  4346 | D:4      | Killed Grinder
  4347 | D:4      | Reached skill level 5 in Conjurations
  4347 | D:4      | Reached XP level 8. HP: 39/44 MP: 8/23
  4558 | D:5      | Entered Level 5 of the Dungeon
  4558 | D:5      | Found Hismesho's Book Emporium.
  4603 | D:5      | Found Biqoclerol's Magic Scroll Shoppe.
  4711 | D:5      | Noticed Pikel
  4812 | D:5      | Killed Pikel
  4813 | D:5      | Reached skill level 10 in Spellcasting
  4928 | D:5      | Noticed Duvessa
  4934 | D:5      | Reached skill level 11 in Spellcasting
  4937 | D:5      | Noticed Dowan
  4952 | D:5      | Killed Dowan
  4973 | D:5      | Killed Duvessa
  5214 | D:5      | Found Zah Niff's Book Shop.
  5275 | D:5      | Found a large runed translucent door.
  5275 | D:5      | Found a large runed translucent door.
  5279 | D:5      | Noticed Sundig's ghost (novice HuFi)
  5403 | D:5      | Found Adoadyji's Distillery.
  5443 | D:5      | Reached XP level 9. HP: 48/48 MP: 22/26
  5597 | D:5      | Noticed Sigmund
  5602 | D:5      | Killed Sigmund
  5836 | D:5      | Found Ganuet's Armour Shop.
  5865 | D:5      | Reached skill level 12 in Spellcasting
  6332 | D:6      | Found a sacrificial altar of Ru.
  6333 | D:6      | Found an iron altar of Okawaru.
  6420 | D:6      | Found a shadowy altar of Dithmenos.
  6619 | D:6      | Found a staircase to the Ecumenical Temple.
  6631 | Temple   | Entered the Ecumenical Temple
  6642 | Temple   | Became a worshipper of Vehumet
  6976 | D:7      | Reached skill level 13 in Spellcasting
  6992 | D:7      | Found an ornate altar of the Wu Jian Council.
  7183 | D:7      | Learned a level 3 spell: Ignite Poison
  7189 | D:7      | Learned a level 5 spell: Freezing Cloud
  7291 | D:7      | Noticed a +0 spear
  7291 | D:7      | Noticed a +0 spear
  7291 | D:7      | Noticed a +0 short sword
  7292 | D:7      | Noticed a +0 dagger
  7293 | D:7      | Noticed a +0 falchion
  7293 | D:7      | Noticed a +0 short sword
  7293 | D:7      | Noticed a +0 dagger
  7297 | D:7      | Noticed a +0 falchion
  7699 | D:7      | Reached skill level 1 in Ice Magic
  7743 | D:7      | Found a hide-covered altar of Uskayaw.
  7882 | D:8      | Noticed a two-headed ogre
  7890 | D:8      | Mangled by a two-headed ogre

Illustrated notes

Levels and vault maps discovered:
D:1:      beargit_arrival_diablo_church, layout_basic, serial_shops,
          nicolae_shop_stone
D:2:      layout_rooms
D:3:      layout_rooms, lemuel_doored_altar, serial_shops, shop,
          nrook_loot_triangle, kennysheep_generic_room_14
D:4:      cheibrodos_greedy_goblins, layout_basic, sigmund_army, uniq_eustachio,
          uniq_grinder
D:5:      layout_gridville, ebering_ghost_disaster_area, serial_shops,
          nicolae_shop_tiny_waterfront, nicolae_shop_tiny_statue_garden,
          nicolae_shop_rolling_square, nicolae_shop_peninsula, shop,
          uniq_duvessa, uniq_pikel, uniq_sigmund
D:6:      layout_layer_cave, nicolae_dithmenos_the_darkroom,
          gammafunk_temple_overflow_statue, minmay_temple_entry_waves
D:7:      layout_loops_cross, mainiacjoe_overflow_catwalk,
          nicolae_uskayaw_en_pointe
D:8:      layout_cave_pods, nicolae_yredelemnul_ghost_church, lair_entry_dummy,
          serial_shops, shop, uniq_grum
Temple:   hellmonk_temple_flake

Skill      XL: |  1  2  3  4  5  6  7  8  9 |
---------------+----------------------------+-----
Spellcasting   | 5 6 8 9 11 13 | 13.3
Conjurations   | 2 4 5 6 7 |  7.6
Armour         | 1 3 |  3.1
Fighting       | 1 2 3 |  3.8
Dodging        | 3 |  3.0
Stealth        | 3 |  3.1
Air Magic      | 1 |  1.0
Poison Magic   | 1 |  1.2
Evocations     | 1 |  1.3
Ice Magic      | 1 |  1.0
Summonings     | |  1.1
Necromancy     | |  0.5
Translocations | |  1.1
Transmutations | |  0.7
Fire Magic     | |  0.7

Action                     |  1- 3 |  4- 6 |  7- 9 || total
---------------------------+-------+-------+-------++-------
  Melee: Dagger            |     2 |       |   102 ||   104
         Short sword       |     8 |    21 |       ||    29
         Whip              |       |    54 |    79 ||   133
         Punch             |       |     1 |     2 ||     3
   Cast: Magic Dart        |    95 |    65 |   224 ||   384
         Mephitic Cloud    |     1 |    10 |    37 ||    48
         Call Imp          |       |     1 |     1 ||     2
         Blink             |       |       |     1 ||     1
         Ignite Poison     |       |       |     2 ||     2
         Freezing Cloud    |       |       |     1 ||     1
    Use: Potion            |       |     1 |       ||     1
   Stab: Confused          |     2 |     6 |    24 ||    32
 Armour: Robe              |     9 |    28 |   107 ||   144
  Dodge: Dodged            |    21 |    43 |   126 ||   190
         Repelled          |       |       |     1 ||     1
  Block: Other             |       |       |    42 ||    42

Table legend: (Time is in decaauts)
 A = Elapsed time spent in this place.
 B = Non-inter-level travel time spent in this place.
 C = Inter-level travel time spent in this place.
 D = Time resting spent in this place.
 E = Time spent auto-exploring this place.
 F = Levels seen in this place.
 G = Mean time per level.
                   A        B        C        D        E       F      G
               +--------+--------+--------+--------+--------+-----+--------+
         Total |   7891 |   7635 |    256 |     59 |   6254 |   9 |  876.8 |
       Dungeon |   7868 |   7622 |    246 |     59 |   6254 |   8 |  983.5 |
        Temple |     22 |     12 |     10 |      0 |      0 |   1 |   22.0 |
               +--------+--------+--------+--------+--------+-----+--------+

Top non-repeatable levels by time:
     D:4: 1657 daAuts
     D:5: 1439 daAuts
     D:1: 1383 daAuts
     D:7: 933 daAuts
     D:6: 933 daAuts
     D:2: 845 daAuts
     D:3: 668 daAuts
  Temple: 22 daAuts
     D:8: 7 daAuts
